 Dungeon Sprint DCSS version 0.30-a0-122-g2a1322497e (webtiles) character file.

Game seed: 11646767783161658129

47 snetch the Chopper (level 3, -2/37 HPs)
             Began as a Minotaur Berserker on Sept 16, 2022.
             Was a Believer of Trog.
             Slain by Crazy Yiuf
             ... wielding a +4 quarterstaff of chaos
              (7 damage)
             ... in the Dungeon (Sprint III: "The Ten Rune Challenge").
             The game lasted 00:00:44 (389 turns).

snetch the Chopper (Minotaur Berserker)              Turns: 389, Time: 00:00:45

Health: -2/37      AC:  2    Str: 23    XL:     3   Next: 48%
Magic:  2/2        EV: 12    Int:  4    God:    Trog [**....]
Gold:   0          SH:  0    Dex:  9    Spells: 2/2 levels left

rFire   . . .      SeeInvis .    a - +0 hand axe
rCold   . . .      Faith    .    (no shield)
rNeg    . . .      Spirit   .    j - +0 robe {Will+}
rPois   .          Reflect  .    (helmet restricted)
rElec   .          Harm     .    (no cloak)
rCorr   .          Rampage  .    (no gloves)
Will    +....      NoTele   +    (no boots)
Stlth   +.........               (no amulet)
HPRegen 0.12/turn                (no ring)
MPRegen 0.08/turn                (no ring)

@: no status effects
A: horns 2, retaliatory headbutt
a: Renounce Religion, Berserk, Trog's Hand


You were in the Dungeon.
You worshipped Trog.
Trog was pleased with you.
You visited 1 branch

Inventory:

Hand Weapons
 a - a +0 hand axe (weapon)
Missiles
 i - 2 stones (quivered)
Armour
 j - a +0 robe of willpower (worn)
Scrolls
 h - a scroll of blinking
Potions
 c - a potion of curing
 d - a potion of heal wounds
 e - a potion of haste
 f - 2 potions of magic
 g - a potion of berserk rage


   Skills:
 + Level 6.1 Fighting
 + Level 6.5 Axes
 + Level 0.4 Throwing
 + Level 3.5 Armour
 + Level 3.2 Dodging


You had 2 spell levels left.
You didn't know any spells.
Your spell library was empty.

Dungeon Overview and Level Annotations

Branches:
Dungeon (1/1)

Altars:

Annotations:
D Crazy Yiuf


Innate Abilities, Weirdness & Mutations

You have a pair of horns on your head.
You reflexively headbutt those who attack you in melee.


Message History

The human barely misses you.
You hit the human. Your headbutt misses the human.
The human is severely wounded.
The human hits you!
You barely miss the human.
The human is severely wounded.
The human misses you.
You closely miss the human.
The human is severely wounded.
The human hits you.
You slash the human!
The human is almost dead.
The human hits you.
You hit the human but do no damage.
The human is almost dead.
The human closely misses you.
You hit the human.
You kill the human!
Trog accepts your kill.
Your Fighting skill increases to level 6!
Your Axes skill increases to level 6!
HP restored.
Crazy Yiuf the Enlightened comes into view.
He is wielding a +4 quarterstaff of chaos.
You throw a stone.
The stone hits Crazy Yiuf but does no damage.
You throw a stone.
The stone hits Crazy Yiuf but does no damage.
You hit Crazy Yiuf. You headbutt Crazy Yiuf!
Crazy Yiuf is heavily wounded.
Crazy Yiuf hits you with a +4 quarterstaff of chaos!
Crazy Yiuf freezes you. Crazy Yiuf attacks as you move away!
Crazy Yiuf hits you with a +4 quarterstaff of chaos!
* * * LOW HITPOINT WARNING * * *
Space warps around you.
* * * LOW HITPOINT WARNING * * *
You hit Crazy Yiuf.
Crazy Yiuf is severely wounded.
Crazy Yiuf hits you with a +4 quarterstaff of chaos!
You die...

▓...#......##
▓..##.......# .#
▓##.##.##...# .#
##.##.###..# ..#
▓#.####.##.[# ...+
▓.###..##.)##
#...# ▓#.....##..#
#....#
###..##...##.....#
##..##...@#......#
#..###..##g#.....#
#).# #..#####....#
▓▓▓▓ ▓▓▓▓ ▓▓▓▓▓


You could see Crazy Yiuf.

Vanquished Creatures
  Jessica (D)
  A human (D)
  2 endoplasms (D)
  A rat (D)
5 creatures vanquished.

Notes
Turn   | Place    | Note
-------+----------+-------------------------------------------
     0 | D        | snetch the Minotaur Berserker began the quest for the Orb.
     0 | D        | Reached XP level 1. HP: 19/19 MP: 0/0
    97 | D        | Reached ** piety under Trog
   102 | D        | Noticed Jessica
   112 | D        | Killed Jessica
   113 | D        | Reached skill level 5 in Fighting
   113 | D        | Reached skill level 5 in Axes
   113 | D        | Reached XP level 2. HP: 21/29 MP: 1/1
   113 | D        | Reached XP level 3. HP: 26/36 MP: 2/2
   383 | D        | Noticed Crazy Yiuf
   389 | D        | Slain by Crazy Yiuf

Illustrated notes

Levels and vault maps discovered:
D:        dungeon_sprint_mu [sprint_mu_entry_cave, sprint_mu_temple_rooms,
          sprint_mu_d1_horrors, sprint_mu_d2_genie, sprint_mu_d3_branching,
          sprint_mu_orc_legion, sprint_mu_elf_gauntlet, sprint_mu_hive_nellie,
          sprint_mu_lair_fedhas, sprint_mu_vaults_butterflies,
          sprint_mu_slime_circle, sprint_mu_swamp_cave, sprint_mu_snake_twists,
          sprint_mu_blade_basic, sprint_mu_crypt_fortress,
          sprint_mu_tomb_spiral, sprint_mu_vestibule_basic,
          sprint_mu_gehenna_hellfire, sprint_mu_dis_giant,
          sprint_mu_tartarus_statrot, sprint_mu_cocytus_islands, sprint_mu_zot1]

Skill      XL: |  1  2  3 |
---------------+----------+-----
Fighting       | 5 6 |  6.1
Axes           | 5 6 |  6.5
Armour         | 3 |  3.5
Dodging        | 3 |  3.2
Throwing       | |  0.4

Action                   || total
-------------------------++-------
Melee: Hand axe          ||    30
       Headbutt          ||     1
Throw: Stone             ||     3
Armor: Animal skin       ||     1
       Robe              ||     2
Dodge: Dodged            ||    13

Table legend: (Time is in decaauts)
 A = Elapsed time spent in this place.
 B = Non-inter-level travel time spent in this place.
 C = Inter-level travel time spent in this place.
 D = Time resting spent in this place.
 E = Time spent auto-exploring this place.
 F = Levels seen in this place.
 G = Mean time per level.
                   A        B        C        D        E       F      G
               +--------+--------+--------+--------+--------+-----+--------+
         Total |    390 |    388 |      2 |      4 |    319 |   1 |  390.0 |
       Dungeon |    390 |    388 |      2 |      4 |    319 |   1 |  390.0 |
               +--------+--------+--------+--------+--------+-----+--------+

Top non-repeatable levels by time:
       D: 390 daAuts
